Map: Cactus Valley LE (Void)

Players

llllllllllll

  • Race: Zerg Zerg
  • League: Master
  • Spawn Location: 11:00

Railgan - Winner!

  • Race: Zerg Zerg
  • League: Grandmaster
  • Spawn Location: 1:00

VOD

https://www.youtube.com/watch?v=6qXEN9ZaEzI

Description

Time

  • Played on: April 7, 2017, 5:09 p.m.
  • Length: 15:36
Show
View Real Time Build Order
Export as new Build Order

llllllllllll Zerg 

Build Orders: Hatch First 

Get SALT Encoding   

  12  0:01  Drone  
  13  0:13  Overlord  
  13  0:18  Drone  
  14  0:31  Drone x2  
  16  0:50  Hatchery  
  16  0:52  Drone  
  16  0:55  Drone  
  17  1:09  Spawning Pool  
  16  1:12  Drone  
  16  1:15  Drone  
  16  1:17  Extractor  
  17  1:21  Drone  
  18  1:28  Drone  
  19  1:42  Overlord  
  19  1:55  Queen  
  19  1:56  Zergling x2  
  22  2:01  Drone  
  22  2:02  Queen  
  22  2:03  Zergling x2  
  26  2:13  Drone  
  27  2:15  Drone  
  27  2:21  Metabolic Boost  
  29  2:22  Drone  
  29  2:26  Drone  
  30  2:40  Hatchery  
  29  2:46  Baneling Nest  
  29  2:50  Drone  
  28  2:56  Drone x2  
  28  2:57  Drone  
  31  3:01  Drone  
  31  3:03  Drone  
  33  3:05  Drone  
  33  3:07  Drone  
  33  3:12  Overlord  
  35  3:18  Spine Crawler  
  34  3:20  Zergling x2  
  35  3:29  Overlord  
  35  3:32  Zergling x2  
  35  3:34  Baneling x3  
  36  3:35  Drone x2  
  36  3:37  Drone  
  36  3:39  Drone  
  40  3:42  Drone  
  40  3:46  Drone  
  40  3:47  Drone x2  
  44  3:50  Overlord  
  44  3:56  Drone  
  44  3:59  Overlord  
  45  4:04  Drone x2  
  46  4:11  Lair  
  46  4:12  Drone  
  46  4:13  Drone  
  46  4:15  Queen, Extractor  
  49  4:19  Queen  
  49  4:21  Drone  
  53  4:25  Drone  
  53  4:26  Drone x2  
  53  4:28  Drone  
  53  4:30  Unknown  
  57  4:31  Drone x2  
  57  4:32  Drone  
  57  4:34  Drone  
  57  4:36  Drone  
  57  4:38  Drone  
  63  4:45  Overlord  
  63  4:48  Drone x3  
  63  4:50  Drone  
  63  4:51  Queen  
  63  4:52  Extractor  
  68  4:53  Extractor  
  67  5:00  Queen  
  67  5:01  Overlord  
  67  5:04  Roach Warren  
  68  5:08  Spore Crawler x2, Evolution Chamber  
  68  5:11  Spore Crawler  
  68  5:12  Spore Crawler  
  68  5:13  Infestation Pit  
  62  5:15  Zergling x2  
  62  5:16  Zergling x4  
  62  5:17  Overseer  
  65  5:23  Zergling x6  
  65  5:25  Drone  
  65  5:27  Overlord  
  69  5:36  Zerg Missile Weapons Level 1  
  69  5:38  Queen  
  69  5:39  Spine Crawler  
  69  5:40  Drone x2  
  69  5:41  Spine Crawler, Drone x2  
  73  5:42  Drone  
  73  5:45  Drone  
  73  5:46  Extractor  
  73  5:48  Drone, Extractor  
  73  5:50  Drone x2  
  73  5:51  Drone  
  73  5:56  Overlord  
  75  5:58  Pathogen Glands  
  75  6:05  Drone x3  
  75  6:06  Drone  
  75  6:07  Drone  
  75  6:10  Drone  
  81  6:12  Spore Crawler, Drone  
  81  6:15  Drone  
  81  6:17  Drone x2  
  84  6:19  Extractor  
  84  6:21  Drone x5  
  84  6:23  Overlord  
  88  6:32  Overlord x2  
  88  6:36  Infestor  
  89  6:42  Infestor x2  
  89  6:45  Infestor  
  95  6:47  Drone  
  95  6:50  Overlord x2  
  96  6:54  Roach x5  
  96  6:55  Roach  
  108  7:04  Roach x2  
  108  7:06  Glial Reconstitution, Overlord x2  
  112  7:11  Hydralisk Den  
  112  7:14  Unknown  
  111  7:16  Roach x2  
  115  7:23  Overlord x2  
  115  7:25  Drone  
  115  7:26  Drone  
  115  7:27  Roach x6  
  129  7:35  Roach x3  
  135  7:42  Hydralisk  
  137  7:47  Zerg Missile Weapons Level 2  
  137  7:48  Hydralisk x2  
  141  7:52  Overlord x2  
  141  7:58  Ravager x3  
  143  8:00  Roach  
  146  8:10  Overlord x3  
  146  8:14  Roach x2, Hydralisk x3  
  146  8:15  Hatchery  
  146  8:18  Hydralisk x2  
  159  8:33  Roach x6  
  171  8:41  Lurker Den  
  171  8:42  Drone  
  171  8:43  Drone x3  
  171  8:47  Drone x2  
  171  8:48  Drone, Extractor  
  178  8:52  Extractor  
  176  8:58  Overlord x2  
  176  8:59  Overseer  
  176  9:01  Infestor x2  
  180  9:06  Spine Crawler x2  
  180  9:07  Drone  
  179  9:11  Spore Crawler, Roach  
  179  9:12  Roach x5  
  156  9:29  Roach  
  156  9:30  Roach x6  
  128  9:33  Roach  
  128  9:34  Roach x2  
  128  9:37  Ravager  
  133  9:47  Extractor, Roach x9  
  133  9:50  Overseer  
  150  10:01  Roach x5  
  150  10:05  Unknown x2  
  152  10:09  Roach x4  
  152  10:10  Roach x2  
  152  10:18  Roach x6  
  144  10:24  Infestor  
  131  10:30  Overseer  
  131  10:33  Ravager  
  131  10:34  Ravager, Roach  
  131  10:35  Roach x4  
  143  10:38  Spine Crawler  
  143  10:39  Spore Crawler, Extractor  
  143  10:40  Roach x2  
  144  10:51  Roach x4  
  121  11:05  Roach x6  
  121  11:11  Overseer x2  
  107  11:13  Roach x2  
  107  11:14  Queen  
  108  11:19  Roach x4  
  108  11:22  Roach  
  108  11:24  Ravager x2  
  108  11:25  Ravager x3  
  125  11:28  Roach  
  125  11:29  Roach  
  113  11:40  Roach x3  
  113  11:46  Roach x2  
  113  11:52  Roach  
  106  11:55  Zerg Ground Armor Level 1  
  106  11:59  Ravager x2  
  108  12:05  Roach  
  108  12:06  Roach x3  
  116  12:13  Roach x2  
  116  12:14  Hatchery  
  120  12:15  Ravager x2  
  120  12:19  Roach x2  
  125  12:23  Roach  
  125  12:27  Ravager  
  125  12:28  Ravager  
  125  12:29  Roach x2  
  133  12:33  Roach  
  135  12:39  Extractor  
  135  12:41  Extractor  
  135  12:42  Roach x7  
  147  12:50  Roach x4  
  155  12:53  Ravager  
  156  13:04  Roach x5  
  166  13:12  Ravager x2  
  168  13:13  Roach x2  
  161  13:27  Roach x3  
  161  13:28  Roach  
  161  13:32  Roach  
  170  13:42  Roach  
  170  13:43  Roach x3  
  176  13:48  Hydralisk  
  174  14:02  Hydralisk x3  
  155  14:03  Roach  
  137  14:16  Overseer x3  
  114  14:19  Hydralisk x2  
  113  14:28  Ravager x3  
  113  14:29  Ravager x2  
  104  14:42  Infestor, Ravager x2  
  107  14:52  Roach x3  
  113  14:58  Infestor  
  114  15:06  Ravager x2  
  116  15:12  Hydralisk  
Show
View Real Time Build Order
Export as new Build Order

Railgan Zerg - Winner!

Build Orders: Hatch First, Lurkers 

Get SALT Encoding   

  12  0:01  Drone  
  13  0:13  Drone  
  14  0:17  Overlord  
  14  0:23  Drone, Extractor  
  15  0:36  Drone x2  
  17  0:46  Drone  
  18  0:57  Hatchery  
  18  1:00  Drone, Extractor  
  17  1:14  Spawning Pool  
  16  1:19  Drone  
  16  1:20  Drone  
  18  1:28  Drone  
  19  1:39  Overlord  
  19  1:52  Drone  
  20  2:01  Queen, Zergling x2  
  23  2:08  Queen  
  23  2:09  Drone  
  23  2:11  Drone  
  27  2:19  Drone  
  27  2:22  Drone  
  29  2:29  Baneling Nest  
  28  2:30  Zergling x2  
  28  2:33  Drone  
  30  2:40  Lair  
  30  2:42  Drone  
  30  2:44  Queen  
  31  2:50  Drone  
  34  2:55  Drone x2  
  36  2:58  Extractor  
  36  3:05  Overlord  
  35  3:06  Drone  
  35  3:07  Spine Crawler  
  35  3:09  Drone  
  35  3:11  Overlord  
  36  3:17  Drone, Extractor  
  36  3:23  Drone x3  
  36  3:25  Drone  
  40  3:29  Drone x2  
  40  3:34  Drone  
  43  3:40  Drone  
  44  3:45  Spire, Drone  
  44  3:50  Drone  
  44  3:51  Extractor  
  44  3:52  Baneling x2  
  44  3:59  Drone x2  
  46  4:04  Drone  
  46  4:06  Metabolic Boost  
  46  4:09  Drone  
  50  4:10  Drone x2  
  50  4:13  Drone x2  
  50  4:16  Overseer  
  52  4:19  Overlord  
  52  4:22  Overlord  
  52  4:32  Overlord  
  52  4:39  Drone  
  52  4:43  Drone  
  52  4:44  Overlord  
  54  4:50  Hatchery  
  53  4:59  Mutalisk x4  
  59  5:00  Mutalisk  
  59  5:06  Drone  
  59  5:07  Drone x2  
  66  5:10  Drone x2  
  68  5:16  Zerg Flyer Armor Level 1  
  68  5:17  Drone  
  69  5:25  Mutalisk  
  71  5:37  Drone  
  71  5:38  Zergling x6  
  75  5:43  Overlord  
  75  5:44  Mutalisk x2  
  79  5:51  Extractor  
  79  5:52  Mutalisk  
  79  5:54  Extractor  
  79  5:56  Overlord  
  79  6:02  Drone x2  
  79  6:03  Drone  
  82  6:05  Hydralisk Den  
  82  6:08  Drone x6  
  87  6:12  Drone  
  87  6:13  Drone  
  89  6:19  Drone  
  90  6:29  Drone x3  
  93  6:39  Drone x6  
  99  6:40  Lurker Den  
  99  6:41  Pneumatized Carapace  
  99  6:44  Overlord  
  99  6:51  Overlord  
  99  6:54  Zergling x2  
  99  6:55  Zergling x12  
  99  7:00  Overlord  
  106  7:04  Hatchery  
  105  7:17  Zergling x8  
  105  7:18  Hatchery  
  105  7:22  Zergling x4  
  110  7:25  Spine Crawler  
  110  7:26  Hydralisk x7  
  123  7:34  Hydralisk  
  123  7:35  Hydralisk x2  
  127  7:38  Overlord x2  
  127  7:40  Overlord  
  127  7:43  Overlord  
  127  7:49  Zerg Flyer Weapons Level 1  
  127  7:56  Zergling x4  
  127  7:57  Zergling x2  
  130  8:05  Drone  
  130  8:06  Drone  
  130  8:07  Evolution Chamber, Muscular Augments  
  130  8:08  Lurker x8, Evolution Chamber  
  130  8:09  Zergling x2, Lurker x2  
  130  8:10  Drone  
  130  8:11  Drone  
  143  8:17  Drone x2  
  143  8:18  Zergling x6, Overlord  
  143  8:19  Spore Crawler  
  147  8:24  Hydralisk  
  149  8:28  Spore Crawler  
  149  8:31  Hydralisk  
  150  8:35  Hydralisk  
  150  8:38  Zergling x4  
  154  8:42  Hydralisk  
  154  8:43  Hydralisk x2  
  154  8:45  Zerg Missile Weapons Level 1  
  154  8:46  Zerg Ground Armor Level 1  
  160  8:52  Spore Crawler, Drone, Extractor x2  
  158  9:09  Hydralisk  
  157  9:10  Hydralisk x4  
  157  9:11  Hydralisk x2  
  157  9:12  Hydralisk x2  
  157  9:16  Hydralisk x2  
  160  9:18  Zergling x6  
  160  9:22  Hydralisk  
  151  9:24  Hydralisk  
  151  9:26  Zergling x6  
  151  9:27  Zergling x2  
  151  9:28  Hydralisk  
  132  9:36  Zergling x2  
  132  9:37  Zergling x10, Overlord  
  135  9:42  Lurker  
  135  9:43  Lurker  
  135  9:44  Drone x2  
  137  9:46  Zergling x2  
  137  9:47  Drone  
  137  9:48  Drone x3  
  137  9:51  Drone x2  
  144  9:55  Spine Crawler, Lurker x2  
  142  10:12  Hydralisk x4  
  142  10:14  Zergling x2, Hydralisk  
  134  10:18  Hydralisk  
  134  10:19  Zergling x2  
  134  10:20  Zergling x12  
  117  10:29  Lurker, Hydralisk  
  117  10:30  Lurker x3, Hydralisk  
  117  10:32  Drone  
  117  10:33  Drone x2  
  128  10:38  Zergling x2  
  128  10:39  Zergling x4  
  131  10:43  Hydralisk  
  131  10:46  Zergling x6  
  131  10:48  Hydralisk x2  
  140  10:52  Hydralisk  
  140  10:55  Hydralisk  
  140  10:56  Hydralisk x2  
  141  10:58  Hydralisk  
  141  11:01  Hydralisk  
  141  11:02  Zergling x2  
  141  11:03  Hydralisk  
  140  11:07  Zergling x2, Hydralisk  
  140  11:08  Zergling x2  
  140  11:09  Hydralisk  
  141  11:11  Hydralisk  
  141  11:15  Hydralisk  
  141  11:17  Hydralisk  
  146  11:18  Hydralisk  
  148  11:27  Zergling x2  
  147  11:38  Zergling x16  
  147  11:39  Hydralisk  
  137  11:45  Zergling x14  
  132  11:48  Hydralisk  
  132  11:52  Zergling x2  
  132  11:53  Zergling x12  
  129  11:58  Drone  
  129  11:59  Zerg Missile Weapons Level 2, Zerg Melee Weapons Level 1  
  126  12:05  Lurker x2  
  126  12:06  Lurker x4  
  132  12:10  Drone  
  132  12:11  Drone x2  
  132  12:12  Lurker  
  132  12:13  Drone x2  
  138  12:16  Drone x2, Extractor x2  
  138  12:24  Hatchery  
  138  12:26  Zergling x2  
  138  12:28  Spine Crawler  
  138  12:29  Spore Crawler  
  136  12:45  Mutalisk x8  
  136  12:46  Mutalisk x3  
  136  12:50  Zerg Flyer Weapons Level 2  
  158  12:53  Overlord  
  158  12:56  Baneling x5  
  158  13:09  Mutalisk x3  
  161  13:24  Mutalisk x2  
  161  13:25  Mutalisk x3  
  165  13:32  Zergling x2  
  165  13:33  Zergling x10, Overseer  
  169  13:35  Hydralisk  
  161  13:50  Hydralisk  
  161  13:51  Hydralisk x2  
  152  13:57  Zergling x2  
  152  13:58  Zergling x18  
  135  14:04  Hydralisk x8  
  135  14:05  Hydralisk x2  
  146  14:26  Hydralisk x5  
  146  14:29  Zergling x2  
  157  14:40  Hydralisk x7  
  157  14:42  Lurker x4  
  157  14:43  Lurker x2  
  177  14:48  Zergling x8  
  177  14:50  Zergling x2  
  177  14:51  Baneling x8  
  182  14:58  Zergling x2  
  183  15:01  Zergling x2  
  183  15:02  Zergling x6  
  183  15:05  Hydralisk  
  191  15:18  Unknown  
  191  15:19  Unknown x2  
Tags
 
Add a new tag
Caveats
  • Supply blocks, unpowered buildings, or Contaminate may cause inaccurate times.
  • Supply counts are checked every 10 seconds.